 Dungeon Crawl Stone Soup version 0.30-a0-782-ge64f9170bb (webtiles) character file.

Game seed: 5943863189638883512

197954 mopl the Eclecticist (level 17, -5/128 HPs)
             Began as a Mummy Fire Elementalist on Mar 4, 2023.
             Was the Champion of Vehumet.
             Killed from afar by Azrael (33 damage)
             ... with damnation
             ... on level 2 of the Elven Halls on Mar 5, 2023.
             The game lasted 01:58:59 (36944 turns).

mopl the Eclecticist (Mummy Fire Elementalist)     Turns: 36944, Time: 01:59:00

Health: -5/128     AC: 26    Str: 12    XL:     17   Next: 79%
Magic:  30/36      EV: 14    Int: 34    God:    Vehumet [******]
Gold:   3477       SH: 12    Dex: 12    Spells: 7/46 levels left

rFire   . . .      SeeInvis .    j - staff of conjuration
rCold   + . .      Faith    +    T - +1 buckler {AC+3}
rNeg    + + +      Spirit   .    v - +2 leather armour {rF+}
rPois   ∞          Reflect  +    W - +1 helmet {Int+3}
rElec   +          Harm     .    l - +1 cloak of the Lotus Blossom {rPois Int+3}
rCorr   .          Rampage  .    Y - +2 pair of gloves "Wohuclix" {rElec}
Will    ++...                    s - +2 pair of boots {Fly}
Stlth   +                        i - amulet of reflection
HPRegen 0.41/turn                F - +6 ring of intelligence
MPRegen 0.25/turn                b - ring of the Tortoise {AC+8}

@: flying
A: cold resistance 1, negative energy resistance 3, torment resistance 2, heat
vulnerability 1, in touch with death 2, no potions, faith
}: 1/15 runes: decaying
a: Renounce Religion


You were on level 2 of the Elven Halls.
You worshipped Vehumet.
Vehumet was exalted by your worship.
You visited 5 branches of the dungeon, and saw 28 of its levels.
You visited the Abyss 1 time.
You also visited: Sewer and Gauntlet.

You collected 3561 gold pieces.
You spent 84 gold pieces at shops.

Inventory:

Hand Weapons
 V - the +7 long sword of Zaer {vamp, rF+}
   (You found it in a Gauntlet)

   rF:        It protects you from fire.
Missiles
 r - 47 poisoned darts
 t - 6 boomerangs of dispersal
 C - 9 curare-tipped darts
 K - 5 throwing nets
Armour
 l - the +1 cloak of the Lotus Blossom (worn) {rPois Int+3}
   (You found it on level 3 of the Dungeon)

   Int:       It affects your intelligence (+3).
   rPois:     It protects you from poison.
 s - a +2 pair of boots of flying (worn)
 v - a +2 leather armour of fire resistance (worn)
 T - a +1 buckler of protection (worn)
 W - a +1 helmet of intelligence (worn)
 Y - the +2 pair of gloves "Wohuclix" (worn) {rElec}
   (You found it on level 14 of the Dungeon)

   rElec:     It insulates you from electricity.
Magical Staves
 j - a staff of conjuration (weapon)
Jewellery
 b - the ring of the Tortoise (right hand) {AC+8}
   (You found it on level 15 of the Dungeon)

   [ring of protection]

   AC:        It affects your AC (+8).
 h - a +5 ring of evasion
 i - an amulet of reflection (around neck)
 k - a ring of protection from fire
 w - an amulet of regeneration
 F - a +6 ring of intelligence (left hand)
 I - a ring of see invisible
 S - a ring of resist corrosion
Wands
 a - a wand of quicksilver (4)
 n - a wand of flame (52)
 o - a wand of polymorph (12)
 u - a wand of paralysis (18)
 B - a wand of iceblast (22)
 D - a wand of mindburst (11)
Scrolls
 c - a scroll of amnesia
 d - a scroll of summoning
 g - 12 scrolls of teleportation
 m - 2 scrolls of torment {!r}
 p - 15 scrolls of identify
 q - 5 scrolls of immolation
 z - 3 scrolls of fog
 G - 3 scrolls of poison
 H - a scroll of blinking
 L - 3 scrolls of magic mapping
 N - a scroll of vulnerability
 P - 2 scrolls of fear
Miscellaneous
 e - a tin of tremorstones (2/2)
 y - a phial of floods
 O - a piece from Xom's chessboard (15/15)


   Skills:
 + Level 10.3 Fighting
 + Level 6.0 Staves
 + Level 8.8 Dodging
 - Level 1.5 Stealth
 + Level 9.6 Shields
 + Level 15.4 Spellcasting
 + Level 10.9 Conjurations
 - Level 3.0 Translocations
 * Level 14.1 Fire Magic
 - Level 10.0 Evocations


You had 7 spell levels left.
You knew the following spells:

 Your Spells              Type           Power      Damage    Failure   Level
a - Foxfire               Conj/Fire      100%       2x1d9     0%          1
b - Scorch                Fire           100%       2d10      0%          2
c - Kindle Blastsparks    Fire/Tloc/Air  100%       2d18      1%          3
d - Flame Wave            Conj/Fire      100%       2d21      1%          4
e - Blink                 Tloc           92%        N/A       1%          2
f - Fireball              Conj/Fire      53%        3d21      1%          5
g - Starburst             Conj/Fire      53%        6d14      1%          6
h - Fulminant Prism       Conj/Hex       38%        3d17      1%          4
i - Iskenderun's Battles  Conj           100%       2d15      1%          5
j - Orb of Destruction    Conj           50%        9d13      7%          7

Your spell library contained the following spells:

 Spells                   Type           Power      Damage    Failure   Level
 Fire Storm               Conj/Fire      53%        8d13      96%         9
 Chain Lightning          Conj/Air       38%        3d50      100%        9
 Shatter                  Erth           13%        3d13*     100%        9
 Apportation              Tloc           92%        N/A       1%          1
 Sandblast                Erth           52%        2d12      1%          1
 Shock                    Conj/Air       100%       1d9       1%          1
 Poisonous Vapours        Pois/Air       52%        N/A       1%          2
 Inner Flame              Hex/Fire       65%        N/A       1%          3
 Mephitic Cloud           Conj/Pois/Air  67%        N/A       1%          3
 Stone Arrow              Conj/Erth      100%       3d13      1%          3
 Iskenderun's Mystic Bla  Conj/Tloc      84%        2d17      1%          4
 Arcjolt                  Conj/Air       38%        1d48      1%          5
 Irradiate                Conj/Tmut      38%        3d24      1%          5
 Slow                     Hex            100%       N/A       2%          1
 Gell's Gravitas          Tloc           46%        N/A       2%          3
 Teleport Other           Tloc           46%        N/A       2%          3
 Call Imp                 Summ           26%        N/A       3%          2
 Cigotuvi's Dreadful Rot  Necr/Pois/Air  100%       N/A       3%          2
 Ensorcelled Hibernation  Hex/Ice        52%        N/A       3%          2
 Passwall                 Tmut/Erth      21%        N/A       3%          2
 Vhi's Electric Charge    Tloc/Air       72%        N/A       4%          3
 Airstrike                Air            13%        2d(2-18)  7%          4
 Olgreb's Toxic Radiance  Pois           26%        N/A       7%          4
 Confusing Touch          Hex            26%        N/A       8%          3
 Summon Guardian Golem    Hex/Summ       26%        N/A       8%          3
 Swiftness                Air            26%        N/A       8%          3
 Vampiric Draining        Necr           56%        2d10      8%          3
 Conjure Ball Lightning   Conj/Air       38%        3x3d12    11%         6
 Lee's Rapid Deconstruct  Erth           13%        3d9*      17%         5
 Anguish                  Hex/Necr       28%        N/A       24%         4
 Animate Armour           Summ/Erth      52%        N/A       24%         4
 Summon Forest            Summ/Tloc      18%        N/A       36%         5
 Alistair's Intoxication  Tmut/Pois      17%        N/A       56%         5
 Metabolic Englaciation   Hex/Ice        13%        N/A       56%         5
 Eringya's Noxious Bog    Tmut/Pois      13%        N/A       65%         6
 Dispersal                Tloc           23%        N/A       73%         6
 Simulacrum               Ice/Necr       28%        N/A       98%         6
 Ozocubu's Refrigeration  Ice            13%        4d10      99%         7
 Haunt                    Necr/Summ      28%        N/A       100%        7
 Summon Hydra             Summ           13%        N/A       100%        7
 Ignition                 Fire           44%        3d13      13%         8
 Lehudib's Crystal Spear  Conj/Erth      38%        10d9      98%         8
 Discord                  Hex            13%        N/A       100%        8
 Disjunction              Tloc           23%        N/A       100%        8
 Maxwell's Capacitive Co  Air            13%        ∞         100%        8
 Dragon's Call            Summ           13%        N/A       100%        9
 Polar Vortex             Ice            13%        N/A       100%        9
 Spider Form              Tmut/Pois      Unusable   N/A       N/A         3
 Blade Hands              Tmut           Unusable   N/A       N/A         5
 Dragon Form              Tmut           Unusable   N/A       N/A         7

Dungeon Overview and Level Annotations

Branches:
Dungeon (15/15)            Temple (0/1) D:7            Lair (5/5) D:9
  Swamp (4/4) Lair:2       Spider (0/4) Lair:2        Slime (0/5) Lair:5
    Orc (2/2) D:10            Elf (2/3) Orc:2        Vaults (0/5) D:13
 Depths (0/4) D:15          Sewer (visited)         Gauntlet (visited)

Altars:
Ashenzari
Cheibriados
Dithmenos
Fedhas
Hepliaklqana
Kikubaaqudgha
Makhleb
Okawaru
Sif Muna
Trog
Uskayaw
Vehumet
Wu Jian
Yredelemnul

Shops:
D:8 [:*(   D:12 !   Orc:1 !*   Orc:2 ([(*

Annotations:
D:13 2 transporters, Adiod's ghost, journeyman DECj
Orc:1 3 runed translucent doors, Nomuit's ghost, journeyman DsFi
Elf:2 Azrael


Innate Abilities, Weirdness & Mutations

You are immune to poison.
Your flesh is cold resistant. (rC+)
You are immune to negative energy. (rN+++)
You are immune to unholy pain and torment.
You are vulnerable to heat. (rF-)
You are strongly in touch with the powers of death.
You do not drink.
You have a special connection with the divine. (Faith)


Message History

Things that are here:
a +0 long sword; a +0 ring mail; an elf corpse The fire elemental hits you.
The fire elemental burns you!
There is an open door here.
Aiming: Quicksilver Bolt
Press: ? - help, Shift-Dir - straight line, f - Azrael
Aim: Azrael, wielding a +2 scimitar of flaming (92% to hit)
The bolt of dispelling energy hits the fire elemental!
The fire elemental is almost destroyed.
The bolt of dispelling energy hits the hell hound!!
You kill the hell hound!
Vehumet accepts your kill.
You feel your power returning.
The bolt of dispelling energy hits Azrael!!
Azrael is moderately wounded.
The fire elemental closely misses you. You block the fire elemental's attack.
Unknown command.
Unknown command.
You hit the fire elemental.
You blast the fire elemental.
You destroy the fire elemental!
Vehumet accepts your kill.
You feel your power returning.
A fire elemental comes into view.
You reach down and close the door.
Azrael breaks down the door.
Azrael's eyes look fiery.
Azrael gestures at you.
The sphere of damnation explodes!
The damnation engulfs you!!
You hear a bark!
Azrael gestures at you. The bolt of fire hits you. Azrael gestures at you.
The sphere of damnation explodes!
The damnation engulfs you!!
* * * LOW HITPOINT WARNING * * *
Unknown command.
Unknown command.
As you open the door, it creaks loudly! Azrael gestures at you.
The sphere of damnation explodes!
The damnation engulfs you!!
You die...

##'#'## ##☼). ##[##.# ##°#
##[###.# #R# ##.## #.# #)#
##.## ##'###### #.# #+####>##
#.......# #°# ##...#'##
#.......# ###○#
##!....#######.......# #.○..
#......<'....'@......# #☼☼..
+.......######..)....######E)..
#.......# #.......R°.°○°.)..
##.....## #.....[.######)...
##...## ######### #.... #####
#.... #####


You could see Azrael.

Vanquished Creatures
  the Lernaean hydra (Swamp:4)
  2 tentacled starspawn (Abyss:2)
  Gastronok (D:10)
  Kirke (D:12)
  An iron dragon (D:15)
  Aizul (Swamp:3)
  Louise (Swamp:2)
  A caustic shrike zombie (D:15)
  2 ghouls (Swamp:3)
  A reaper (Abyss:2)
  Nessos (D:13)
  A minotaur (Gauntlet)
  A deep elf annihilator (Elf:1)
  3 bunyips
  Josephine (D:14)
  2 shambling mangroves (Swamp:4)
  Harold (Orc:1)
  17 hydras
  7 ghost crabs
  3 catoblepae (Lair:5)
  Erica (Orc:1)
  5 boulder beetles
  10 death yaks
  A titan zombie (D:15)
  3 two-headed ogres
  A death knight (D:15)
  14 alligators
  7 dancing weapons
  A vampire mage (D:15)
  6 centaur warriors
  3 tengu warriors
  3 orc high priests (Orc:2)
  A spriggan berserker (Swamp:3)
  Sonja (D:10)
  6 deep elf knights
  Nergalle (D:11)
  A sixfirhy (Abyss:2)
  A sun demon (Abyss:2)
  A skyshark (Lair:5)
  Lodul (D:12)
  A pharaoh ant (Lair:1)
  2 skeletal warriors
  8 iron trolls (D:15)
  14 swamp dragons
  3 spriggan druids
  4 goliath frogs
  4 deep elf archers
  4 large abominations
  A necromancer (D:15)
  9 bog bodies
  A wizard (D:14)
  4 lindwurms
  A golden dragon skeleton (D:15)
  6 orc knights
  2 starcursed masses (Abyss:2)
  15 deep elf pyromancers
  13 deep elf zephyrmancers
  4 manticores
  8 cyclopes
  5 orc sorcerers
  2 will-o-the-wisps (Swamp:3)
  A salamander (shapeshifter) (Abyss:2)
  An ugly thing (D:12)
  An iron dragon skeleton (D:15)
  Maurice (D:9)
  4 smoke demons (Abyss:2)
  2 black mambas
  An apocalypse crab (Abyss:2)
  A guardian serpent (Abyss:2)
  10 elephants
  2 torpor snails
  4 centaur skeletons (D:13)
  2 rime drakes
  Psyche (D:11)
  A kobold demonologist (D:11)
  7 yaktaurs
  7 cane toads
  2 efreet (D:14)
  6 komodo dragons
  A freezing wraith (D:14)
  5 trolls
  A guardian mummy (D:15)
  2 bloated husks
  26 hornets
  9 tyrant leeches
  3 raiju (Abyss:2)
  5 dream sheep (Lair:3)
  A tarantella (shapeshifter) (D:15)
  18 blink frogs
  11 slime creatures
  3 air elementals
  Sigmund (D:6)
  2 centaur simulacra (Gauntlet)
  3 water elementals
  2 jumping spiders
  5 fire elementals
  4 hogs
  3 shadows
  19 spriggans
  4 wraiths
  2 wyverns
  A vampire (D:10)
  57 yaks
  6 basilisks
  Eustachio (D:6)
  A naga (Abyss:2)
  20 vampire mosquitoes
  4 small abominations (Gauntlet)
  2 redbacks
  Menkaure (D:4)
  18 swamp worms
  A warg (Orc:1)
  3 acid dragons
  9 water moccasins
  A hell hound (Elf:2)
  A hydra simulacrum (Gauntlet)
  Duvessa (D:4)
  28 orc warriors
  7 swamp drakes (Swamp:4)
  2 ice beasts
  15 centaurs
  9 ogres
  A tengu (shapeshifter) (Abyss:2)
  A phantom (D:6)
  4 kobold brigands
  4 earth elementals (Elf:1)
  11 bullfrogs
  4 gnoll sergeants
  A scorpion (D:5)
  3 necrophages
  13 wights
  Dowan (D:4)
  5 killer bees (D:10)
  10 electric eels (D:11)
  10 howler monkeys
  2 lava snakes (D:8)
  A quasit (Abyss:2)
  5 jellies
  3 gnoll boudas
  26 orc priests
  6 hounds
  2 iguanas
  35 orc wizards
  A statue (D:3)
  8 river rats
  12 adders
  27 gnolls
  3 shadow imps
  3 white imps
  An ufetubus (Abyss:2)
  A worm (shapeshifter) (D:14)
  2 dart slugs
  110 orcs
  18 ball pythons
  2 bats (D:3)
  8 endoplasms
  3 giant cockroaches
  6 goblins
  5 hobgoblins
  9 jackals
  28 kobolds
  5 quokkas
  4 frilled lizards
  36 rats
  A starspawn tentacle (Abyss:2)
1041 creatures vanquished.

Vanquished Creatures (others)
  A large abomination (Abyss:2)
  An air elemental (Elf:2)
  An orc (Orc:2)
  A demonic plant (Gauntlet)
  369 foxfires
  12 fulminant prisms
  26 fungi
  47 plants
  5 starspawn tentacles (Abyss:2)
  39 withered plants
502 creatures vanquished.

Grand Total: 1543 creatures vanquished

Notes
Turn   | Place    | Note
-------+----------+-------------------------------------------
     0 | D:1      | mopl the Mummy Fire Elementalist began the quest for the
                  | Orb.
     0 | D:1      | Reached XP level 1. HP: 13/13 MP: 4/4
   139 | D:1      | Reached skill level 1 in Conjurations
   198 | D:1      | Reached skill level 3 in Spellcasting
   206 | D:1      | Reached XP level 2. HP: 19/19 MP: 1/6
   209 | D:1      | Learned a level 2 spell: Scorch
  1255 | D:2      | Gained mutation: You are in touch with the powers of death.
                  | [Mummy growth]
  1255 | D:2      | Reached XP level 3. HP: 21/24 MP: 2/7
  1354 | D:2      | Learned a level 3 spell: Kindle Blastsparks
  2116 | D:3      | Identified the +1 cloak of the Lotus Blossom {rPois Int+3}
  2209 | D:3      | Reached skill level 3 in Fire Magic
  2211 | D:3      | Reached XP level 4. HP: 30/30 MP: 5/9
  2216 | D:3      | Learned a level 4 spell: Flame Wave
  2258 | D:3      | Found a radiant altar of Vehumet.
  2258 | D:3      | Noticed a frost-covered statue
  2268 | D:3      | Became a worshipper of Vehumet
  2576 | D:3      | Found a blossoming altar of Fedhas.
  2594 | D:3      | Found a faded altar of an unknown god.
  2853 | D:3      | Found a broken altar of Ashenzari.
  2868 | D:3      | Found a burning altar of Makhleb.
  3086 | D:3      | Found an iron altar of Okawaru.
  3326 | D:4      | Reached skill level 2 in Conjurations
  3326 | D:4      | Reached skill level 1 in Translocations
  3326 | D:4      | Reached skill level 1 in Evocations
  3331 | D:4      | Reached skill level 4 in Spellcasting
  3331 | D:4      | Reached XP level 5. HP: 35/35 MP: 1/11
  3344 | D:4      | Reached * piety under Vehumet
  3344 | D:4      | Offered knowledge of Freeze by Vehumet.
  3515 | D:4      | Noticed Menkaure
  3518 | D:4      | Killed Menkaure
  3617 | D:4      | Reached XP level 6. HP: 41/41 MP: 9/12
  4095 | D:4      | Found a shimmering blue altar of Sif Muna.
  4095 | D:4      | Noticed Dowan
  4113 | D:4      | Killed Dowan
  4114 | D:4      | Reached skill level 2 in Translocations
  4114 | D:4      | Reached skill level 2 in Evocations
  4185 | D:4      | Got Sif Muna's Guide on Accompaniment
  4190 | D:4      | Found a bloodstained altar of Trog.
  4190 | D:4      | Noticed Duvessa
  4224 | D:4      | Killed Duvessa
  4225 | D:4      | Reached skill level 5 in Spellcasting
  4225 | D:4      | Reached XP level 7. HP: 7/46 MP: 1/14
  4450 | D:5      | Entered Level 5 of the Dungeon
  4552 | D:5      | Reached skill level 3 in Conjurations
  4587 | D:5      | Found a glowing drain.
  4592 | Sewer    | Entered a sewer
  4613 | Sewer    | Reached skill level 4 in Fire Magic
  4613 | Sewer    | Reached ** piety under Vehumet
  4616 | Sewer    | Offered knowledge of Momentum Strike by Vehumet.
  4743 | Sewer    | Offered knowledge of Hailstorm by Vehumet.
  4837 | Sewer    | Reached *** piety under Vehumet
  4972 | Sewer    | Offered knowledge of Fulminant Prism by Vehumet.
  5018 | Sewer    | Learned a level 4 spell: Fulminant Prism
  5146 | D:5      | Reached skill level 3 in Translocations
  5162 | D:5      | Reached skill level 3 in Evocations
  5162 | D:5      | Reached XP level 8. HP: 41/52 MP: 9/16
  5228 | D:5      | Found a hide-covered altar of Uskayaw.
  5319 | D:5      | Reached skill level 6 in Spellcasting
  5663 | D:6      | Noticed Eustachio
  5675 | D:6      | Killed Eustachio
  5930 | D:6      | Noticed Sigmund
  5935 | D:6      | Killed Sigmund
  5935 | D:6      | Reached **** piety under Vehumet
  5936 | D:6      | Reached skill level 4 in Conjurations
  5962 | D:6      | Reached skill level 5 in Fire Magic
  5974 | D:6      | Offered knowledge of Fireball by Vehumet.
  5984 | D:6      | Learned a level 5 spell: Fireball
  6073 | D:6      | Reached skill level 7 in Spellcasting
  6073 | D:6      | Reached skill level 4 in Evocations
  6427 | D:7      | Noticed a hornet
  6433 | D:6      | Reached XP level 9. HP: 50/57 MP: 13/19
  6853 | D:7      | Reached skill level 5 in Conjurations
  6931 | D:7      | Found a hazy altar of Hepliaklqana.
  6968 | D:7      | Reached skill level 8 in Spellcasting
  7256 | D:7      | Found a staircase to the Ecumenical Temple.
  7451 | D:8      | Found Ukuapess's General Store.
  7458 | D:8      | Bought a scroll of poison for 56 gold pieces
  7458 | D:8      | Bought a scroll of identify for 28 gold pieces
  7621 | D:8      | Noticed a komodo dragon
  7634 | D:8      | Found an ornate altar of the Wu Jian Council.
  7658 | D:8      | Killed a komodo dragon
  7659 | D:8      | Reached skill level 1 in Shields
  7659 | D:8      | Reached skill level 5 in Evocations
  7667 | D:8      | Found a shadowy altar of Dithmenos.
  7712 | D:8      | Found Uwnuc's Book Shoppe.
  7778 | D:8      | Reached skill level 6 in Fire Magic
  7849 | D:8      | Found Caup's Antique Weapon Emporium.
  7912 | D:8      | Reached ***** piety under Vehumet
  7916 | D:8      | Offered knowledge of Orb of Destruction by Vehumet.
  8247 | D:8      | Found a snail-covered altar of Cheibriados.
  8252 | D:8      | Reached skill level 2 in Shields
  8333 | D:8      | Reached XP level 10. HP: 63/63 MP: 3/22
  8455 | D:8      | Found Xoyphyic's Antique Armour Shoppe.
  8941 | D:8      | Found a runed translucent door.
  9079 | D:8      | Found a runed translucent gate.
  9079 | D:8      | Noticed a boulder beetle
  9092 | D:8      | Found a runed translucent gate.
  9092 | D:8      | Found a runed translucent gate.
  9092 | D:8      | Found a runed translucent gate.
  9092 | D:8      | Found a runed translucent gate.
  9093 | D:8      | Noticed a lindwurm
  9094 | D:8      | Found a runed translucent gate.
  9094 | D:8      | Noticed a boulder beetle
  9169 | D:9      | Noticed a two-headed ogre
  9173 | D:9      | Killed a two-headed ogre
  9174 | D:9      | Reached skill level 9 in Spellcasting
  9486 | D:9      | Noticed Maurice
  9532 | D:9      | Killed Maurice
  9533 | D:9      | Reached skill level 3 in Shields
  9533 | D:9      | Reached skill level 6 in Conjurations
  9853 | D:9      | Found a staircase to the Lair.
 10030 | D:9      | Found a basalt altar of Yredelemnul.
 10082 | D:10     | Entered Level 10 of the Dungeon
 10103 | D:10     | Noticed Gastronok
 10116 | D:10     | Learned a level 7 spell: Orb of Destruction
 10157 | D:10     | Killed Gastronok
 10158 | D:10     | Reached skill level 7 in Fire Magic
 10158 | D:10     | Reached skill level 6 in Evocations
 10249 | D:10     | Found a staircase to the Orcish Mines.
 10324 | D:10     | Reached skill level 4 in Shields
 10325 | D:10     | Reached skill level 10 in Spellcasting
 10325 | D:10     | Reached XP level 11. HP: 56/68 MP: 12/25
 10572 | D:10     | Noticed Sonja
 10587 | D:10     | Killed Sonja
 10588 | D:10     | Reached skill level 1 in Fighting
 10797 | D:10     | Identified the +1 flail of Naeseczu {flame, Will++ rCorr
                  | Int-4 Dex-2}
 11024 | D:10     | Reached skill level 2 in Dodging
 11093 | Lair:1   | Entered Level 1 of the Lair of Beasts
 11741 | Lair:2   | Found a staircase to the Swamp.
 11822 | Lair:2   | Reached skill level 2 in Fighting
 11822 | Lair:2   | Reached skill level 7 in Conjurations
 11985 | Lair:2   | Noticed a pharaoh ant
 12016 | Lair:1   | Killed a pharaoh ant
 12017 | Lair:1   | Reached skill level 8 in Fire Magic
 12176 | Lair:2   | Reached skill level 3 in Dodging
 12216 | Lair:2   | Found a hole to the Spider Nest.
 12665 | Lair:3   | Noticed a six-headed hydra
 12669 | Lair:3   | Noticed a death yak
 12671 | Lair:3   | Reached skill level 3 in Fighting
 12673 | Lair:3   | Reached skill level 5 in Shields
 12673 | Lair:3   | Reached skill level 7 in Evocations
 12731 | Lair:2   | Killed a six-headed hydra
 12732 | Lair:2   | Reached XP level 12. HP: 48/81 MP: 13/26
 13035 | Lair:3   | Offered knowledge of Starburst by Vehumet.
 13041 | Lair:3   | Killed a death yak
 13042 | Lair:3   | Reached skill level 11 in Spellcasting
 13400 | Lair:3   | Reached skill level 4 in Fighting
 13402 | Lair:3   | Reached skill level 9 in Fire Magic
 13423 | Lair:3   | Reached skill level 4 in Dodging
 14145 | Lair:3   | Learned a level 6 spell: Starburst
 14206 | Lair:4   | Reached skill level 6 in Shields
 14211 | Lair:4   | Gained mutation: You are strongly in touch with the powers
                  | of death. [Mummy growth]
 14211 | Lair:4   | Reached XP level 13. HP: 77/90 MP: 6/28
 14215 | Lair:4   | Reached skill level 8 in Conjurations
 14449 | Lair:4   | Reached skill level 5 in Fighting
 14734 | Lair:5   | Entered Level 5 of the Lair of Beasts
 15313 | Lair:5   | Found a staircase to the Slime Pits.
 15670 | Lair:5   | Reached skill level 5 in Dodging
 15733 | Lair:5   | Reached skill level 10 in Fire Magic
 15733 | Lair:5   | Reached skill level 8 in Evocations
 15956 | Lair:5   | Reached skill level 12 in Spellcasting
 16878 | Lair:5   | Reached ****** piety under Vehumet
 17209 | Lair:5   | Reached skill level 6 in Fighting
 17551 | Lair:5   | Got Zoet's Incunabulum of Cryomancy
 17747 | D:11     | Noticed Nergalle
 17796 | D:11     | Offered knowledge of Lightning Bolt by Vehumet.
 17887 | D:11     | Found a gate leading to a gauntlet.
 17893 | Gauntlet | Entered a Gauntlet
 17893 | Gauntlet | Found a transporter.
 17902 | Gauntlet | Found a transporter.
 17904 | Gauntlet | Found a transporter.
 17923 | Gauntlet | Found a transporter.
 17924 | Gauntlet | Found a transporter.
 17932 | Gauntlet | Found a runed translucent gate.
 17932 | Gauntlet | Found a runed translucent gate.
 17932 | Gauntlet | Found a runed translucent gate.
 17937 | Gauntlet | Found a transporter.
 17954 | Gauntlet | Found a transporter.
 17964 | Gauntlet | Found a transporter.
 17974 | Gauntlet | Found a transporter.
 17989 | Gauntlet | Found a transporter.
 18004 | Gauntlet | Found a transporter.
 18054 | Gauntlet | Found a transporter.
 18098 | Gauntlet | Identified the ring of Munig {rPois rC+ MP+9 Int-3 Dex+3}
 18120 | Gauntlet | Found the +10 tower shield of Ignorance {rN+ Int-4}
 18120 | Gauntlet | Noticed a minotaur
 18127 | Gauntlet | Killed a minotaur
 18128 | Gauntlet | Reached XP level 14. HP: 80/101 MP: 4/30
 18135 | Gauntlet | Got Sif Muna's Papyrus of the Shocking Band
 18143 | Gauntlet | Identified the +7 long sword of Zaer {vamp, rF+}
 18143 | Gauntlet | Identified the +0 ice dragon scales of Ziolov {rF- rC++
                  | Stlth+}
 18314 | D:11     | Killed Nergalle
 18798 | D:11     | Noticed Psyche
 18801 | D:11     | Killed Psyche
 18958 | D:12     | Found Zeoteguz's Distillery.
 19011 | D:12     | Reached skill level 7 in Shields
 19016 | D:12     | Noticed Kirke
 19100 | D:12     | Killed Kirke
 19343 | D:12     | Noticed Lodul
 19347 | D:12     | Killed Lodul
 19347 | D:12     | Offered knowledge of Iskenderun's Battlesphere by Vehumet.
 19571 | D:12     | Reached skill level 6 in Dodging
 19681 | D:12     | Reached skill level 11 in Fire Magic
 19829 | D:12     | Learned a level 5 spell: Iskenderun's Battlesphere
 19894 | Orc:1    | Entered Level 1 of the Orcish Mines
 19894 | Orc:1    | Noticed Harold
 19903 | Orc:1    | Killed Harold
 20252 | Orc:1    | Found Otiudd's Distillery.
 20253 | Orc:1    | Found a runed translucent gate.
 20253 | Orc:1    | Found a runed translucent gate.
 20254 | Orc:1    | Found a runed translucent gate.
 20267 | Orc:1    | Noticed Nomuit's ghost (journeyman DsFi)
 20337 | Orc:1    | Found Iwkoseal's CLEARANCE SALE!.
 20606 | Orc:2    | Entered Level 2 of the Orcish Mines
 20629 | Orc:2    | Reached skill level 7 in Fighting
 20981 | Orc:2    | Offered knowledge of Freezing Cloud by Vehumet.
 21170 | Orc:2    | Reached skill level 9 in Conjurations
 21232 | Orc:1    | Noticed Erica
 21235 | Orc:1    | Killed Erica
 21236 | Orc:1    | Reached skill level 13 in Spellcasting
 21432 | Orc:2    | Found a staircase to the Elven Halls.
 21718 | Orc:2    | Reached skill level 1 in Staves
 22021 | Orc:2    | Found Juhyraimp's Antique Weapon Shoppe.
 22021 | Orc:2    | Found Ydwui's Assorted Antiques.
 22023 | Orc:2    | Found Ohiem's Armour Shoppe.
 22023 | Orc:2    | Found Faveczot's Weapon Boutique.
 22170 | D:13     | Noticed a brown very ugly thing
 22259 | D:13     | Reached skill level 9 in Evocations
 22614 | D:13     | Offered knowledge of Conjure Ball Lightning by Vehumet.
 22621 | D:13     | Found a transporter.
 22621 | D:13     | Noticed Adiod's ghost (journeyman DECj)
 22956 | D:13     | Reached XP level 15. HP: 108/108 MP: 11/32
 23005 | D:13     | Noticed Nessos
 23008 | D:13     | Killed Nessos
 23180 | D:13     | Found a transporter.
 23386 | D:13     | Reached skill level 2 in Staves
 23404 | D:13     | Found a gate to the Vaults.
 23708 | D:14     | Identified the +2 pair of gloves "Wohuclix" {rElec}
 24001 | D:14     | Noticed Josephine
 24006 | D:14     | Killed Josephine
 24480 | D:14     | Found an ancient bone altar of Kikubaaqudgha.
 24485 | D:14     | Identified the ring "Cecoij" {Wiz Stlth+}
 24569 | Abyss:2  | Cast into level 2 of the Abyss (a wizard)
 24698 | Abyss:2  | Noticed a tentacled starspawn
 24707 | Abyss:2  | Reached skill level 12 in Fire Magic
 24707 | Abyss:2  | Killed a tentacled starspawn
 24709 | Abyss:2  | Offered knowledge of Spellforged Servitor by Vehumet.
 24723 | Abyss:2  | Reached skill level 8 in Fighting
 24738 | Abyss:2  | Noticed a tentacled starspawn
 24745 | Abyss:2  | Killed a tentacled starspawn
 24746 | Abyss:2  | Reached skill level 7 in Dodging
 24746 | Abyss:2  | Reached skill level 8 in Shields
 24963 | Abyss:2  | Noticed a bone dragon
 25215 | Abyss:2  | Reached skill level 3 in Staves
 25493 | D:14     | Escaped the Abyss
 26730 | D:15     | Entered Level 15 of the Dungeon
 27092 | D:15     | Identified the +6 flail of a Hundred Wonders {protect, rN+}
 27868 | D:15     | Found a staircase to the Depths.
 28240 | D:15     | Offered knowledge of Fire Storm by Vehumet.
 28240 | D:15     | Offered knowledge of Shatter by Vehumet.
 28240 | D:15     | Offered knowledge of Chain Lightning by Vehumet.
 28524 | D:15     | Reached skill level 14 in Spellcasting
 28881 | D:15     | Noticed an iron dragon
 28914 | D:15     | Found the ring of the Tortoise {AC+8}
 28957 | D:15     | Killed an iron dragon
 28958 | D:15     | Reached XP level 16. HP: 105/118 MP: 14/34
 29289 | Swamp:1  | Entered Level 1 of the Swamp
 29669 | Swamp:1  | Got the Omnibus of Support and the Geodesic
 29673 | Swamp:1  | Learned a level 2 spell: Blink
 29819 | Swamp:1  | Reached skill level 4 in Staves
 30032 | Swamp:2  | Reached skill level 10 in Conjurations
 30429 | Swamp:2  | Reached skill level 9 in Fighting
 30857 | Swamp:2  | Noticed Louise
 30876 | Swamp:2  | Killed Louise
 31076 | Swamp:2  | Reached skill level 10 in Evocations
 31223 | Swamp:2  | Reached skill level 13 in Fire Magic
 31669 | Swamp:3  | Noticed Aizul
 31937 | Swamp:3  | Reached skill level 8 in Dodging
 32245 | Swamp:3  | Killed Aizul
 32982 | Swamp:3  | Reached skill level 9 in Shields
 33259 | Swamp:4  | Entered Level 4 of the Swamp
 33382 | Swamp:4  | Reached skill level 5 in Staves
 33383 | Swamp:4  | Reached XP level 17. HP: 117/126 MP: 33/35
 33384 | Swamp:4  | Noticed the 27-headed Lernaean hydra
 33388 | Swamp:4  | Killed the 27-headed Lernaean hydra
 34016 | Swamp:4  | Reached skill level 15 in Spellcasting
 34359 | Swamp:4  | Got a decaying rune of Zot
 35005 | Elf:1    | Entered Level 1 of the Elven Halls
 35037 | Elf:1    | Found a radiant altar of Vehumet.
 35251 | Elf:1    | Reached skill level 10 in Fighting
 35859 | Elf:1    | Reached skill level 14 in Fire Magic
 36356 | Elf:1    | Paralysed by an air elemental for 1 turns
 36718 | Elf:2    | Paralysed by an air elemental for 1 turns
 36865 | Elf:2    | Reached skill level 6 in Staves
 36907 | Elf:2    | Noticed Azrael
 36944 | Elf:2    | Killed from afar by Azrael

Illustrated notes

Levels and vault maps discovered:
D:1:      kennysheep_arrival_seaside, layout_basic,
          nicolae_concentric_dashed_squares_mild
D:2:      layout_loops_corners
D:3:      layout_loops_ring, vehumet_statue, nicolae_overflow_quartered_altars,
          hellmonk_ecumenical_altar_heavens_door, nicolae_elevator_lobby_plus
D:4:      layout_cave_pools, nzn_overflow_gifts_of_might_and_magic,
          uniq_menkaure
D:5:      layout_loops_ring, nicolae_uskayaw_dance_hall,
          lightli_sewer_entry_pipes
D:6:      layout_loops_ring, overflow_temple_1_default, dk_noncrumbling_3,
          minmay_misc_feat_columns, grunt_ministairs_15, uniq_eustachio,
          uniq_sigmund
D:7:      layout_cave_pools, mainiacjoe_overflow_alcove_4,
          lemuel_temple_firewalk_a
D:8:      gammafunk_indiana_jones, layout_loops_corners,
          mainiacjoe_overflow_24_doors, mainiacjoe_overflow_two_lobes,
          serial_shops, nicolae_shop_statue_plus, shop, shop, shop
D:9:      layout_roguey, kennysheep_ying_yang, dpeg_oklobed_lair, uniq_maurice
D:10:     layout_basic, hiddenorc2_lemuel, kennysheep_generic_room_11,
          uniq_sonja, uniq_gastronok
D:11:     layout_basic, gauntlet_entry_generic, uniq_psyche, uniq_nergalle
D:12:     layout_gridville, serial_shops, kennysheep_little_box, uniq_lodul,
          uniq_kirke
D:13:     layout_irregular_city, hangedman_vaults_entry_quadrant_bands,
          gammafunk_ghost_arena, uniq_nessos
D:14:     layout_small_grid, kiku_gazebo_garden_becter, uniq_josephine
D:15:     gammafunk_depths_entry_grave, layout_rooms, elyvilon_altar_1,
          special_room [special_room_orc], minmay_guarded_unrand_tortoise
Lair:1:   layout_regular_city, lemuel_fruit_fields
Lair:2:   layout_regular_city, minmay_swamp_entry_swarm,
          nicolae_spider_entry_lesser_pyramids
Lair:3:   layout_chaotic_city, grunt_megastairs_1, infiniplex_staircase_pool
Lair:4:   layout_hall_layers
Lair:5:   evilmike_catoblepas_cave, layout_small_grid,
          nicolae_slime_entry_slimehenge, st_stairs_5,
          nicolae_lair_grove_arrangements
Swamp:1:  nicolae_swamp_ascending_descending_big, layout_basic_swamp,
          nicolae_swamp_rocky_clearing
Swamp:2:  layout_basic_swamp, evilmike_swamp_ruin_rubble_2, uniq_louise
Swamp:3:  layout_basic_swamp, hangedman_swamp_lotus, st_shrine_of_shade,
          uniq_aizul
Swamp:4:  swamp_alternative, layout_basic_swamp, swamp_pool2
Orc:1:    layout_caves, serial_shops, shop, ebering_ghost_rock_garden,
          nicolae_shop_clearance, uniq_harold, uniq_erica
Orc:2:    grunt_orc_tribal_feast, layout_caves, mines4_lemuel
Elf:1:    eino_elf_arrival_altar, layout_geoelf_octagon, evilmike_minifort
Elf:2:    elven_hall_of_blades_hangedman_original
          [nicolae_blade_entry_pointy_end], layout_geoelf_grid, basic_altar,
          lemuel_upstairs_altar, uniq_azrael

Skill      XL: |  1  2  3  4  5  6  7  8  9 10 11 12 13 14 15 16 17 |
---------------+----------------------------------------------------+-----
Conjurations   | 1 2 3 4 5 6 7 8 9 10 | 10.9
Spellcasting   | 3 4 5 7 8 10 11 12 13 14 15 | 15.4
Fire Magic     | 3 4 5 6 7 8 9 10 11 12 13 14 | 14.1
Translocations | 1 2 3 |  3.0
Evocations     | 1 2 3 4 5 6 7 8 9 10 | 10.0
Shields        | 2 4 5 6 7 8 9 |  9.6
Fighting       | 3 4 6 7 8 9 10 | 10.3
Dodging        | 3 4 5 6 7 8 |  8.8
Staves         | 1 3 5 6 |  6.0
Stealth        | |  1.5

Action                     |  1- 3 |  4- 6 |  7- 9 | 10-12 | 13-15 | 16-18 || total
---------------------------+-------+-------+-------+-------+-------+-------++-------
  Melee: Unarmed           |    59 |       |       |       |       |       ||    59
         Punch             |     4 |     3 |     2 |       |       |       ||     9
         Staff             |    54 |   159 |    75 |    41 |   167 |    31 ||   527
         Spear             |       |     7 |       |       |       |       ||     7
  Throw: Dart              |       |       |       |       |     8 |       ||     8
   Cast: Foxfire           |    61 |   101 |    70 |     7 |     2 |       ||   241
         Scorch            |       |     6 |   166 |   174 |    68 |       ||   414
         Fulminant Prism   |       |       |     1 |     4 |     5 |     2 ||    12
         Fireball          |       |       |    11 |    38 |   330 |   243 ||   622
         Flame Wave        |       |       |       |    20 |    32 |    15 ||    67
         Starburst         |       |       |       |       |    19 |    30 ||    49
         Kindle Blastspark |       |       |       |       |     1 |       ||     1
         Orb of Destructio |       |       |       |       |    36 |    40 ||    76
         Iskenderun's Batt |       |       |       |       |     3 |       ||     3
         Blink             |       |       |       |       |       |     1 ||     1
  Evoke: Wand              |       |     4 |       |    11 |    20 |     2 ||    37
         Phial of floods   |       |       |       |       |     1 |       ||     1
         Tin of tremorston |       |       |       |       |     1 |       ||     1
         Piece from Xom's  |       |       |       |       |       |     2 ||     2
    Use: Scroll            |       |       |     9 |     3 |     5 |       ||    17
   Stab: Sleeping          |       |     2 |       |       |       |       ||     2
         Distracted        |       |     1 |       |       |     1 |       ||     2
         Paralysed         |       |    15 |       |     3 |    10 |       ||    28
 Armour: Robe              |    29 |    16 |    27 |    32 |     9 |       ||   113
         Leather armour    |       |       |       |       |    68 |   157 ||   225
  Dodge: Dodged            |    90 |   128 |   141 |    97 |   146 |    78 ||   680
  Block: Other             |    10 |    44 |    47 |    11 |       |       ||   112
         Reflection        |       |     1 |     5 |     4 |    20 |     6 ||    36
         Kite shield       |       |       |       |   108 |   114 |       ||   222
         Buckler           |       |       |       |       |    96 |    82 ||   178

Table legend: (Time is in decaauts)
 A = Elapsed time spent in this place.
 B = Non-inter-level travel time spent in this place.
 C = Inter-level travel time spent in this place.
 D = Time resting spent in this place.
 E = Time spent auto-exploring this place.
 F = Levels seen in this place.
 G = Mean time per level.
                   A        B        C        D        E       F      G
               +--------+--------+--------+--------+--------+-----+--------+
         Total |  37219 |  34426 |   2793 |  12103 |  15262 |  31 | 1200.6 |
       Dungeon |  19148 |  17493 |   1655 |   5175 |   8767 |  15 | 1276.5 |
          Lair |   6880 |   6352 |    528 |   1982 |   3131 |   5 | 1376.0 |
         Swamp |   5446 |   4997 |    449 |   2861 |   1334 |   4 | 1361.5 |
  Orcish Mines |   2035 |   1916 |    119 |    672 |    894 |   2 | 1017.5 |
   Elven Halls |   1926 |   1885 |     41 |    784 |    802 |   2 |  963.0 |
         Abyss |    927 |    927 |      0 |    389 |    208 |   1 |  927.0 |
         Sewer |    500 |    500 |      0 |    172 |     95 |   1 |  500.0 |
      Gauntlet |    353 |    353 |      0 |     68 |     31 |   1 |  353.0 |
               +--------+--------+--------+--------+--------+-----+--------+

Top non-repeatable levels by time:
 Swamp:3: 2623 daAuts
  Lair:5: 2200 daAuts
    D:15: 2152 daAuts
     D:8: 2045 daAuts
   Elf:1: 1699 daAuts
     D:3: 1584 daAuts
    D:13: 1538 daAuts
  Lair:2: 1462 daAuts
    D:10: 1444 daAuts
 Swamp:1: 1425 daAuts
    D:14: 1394 daAuts
  Lair:4: 1272 daAuts
     D:9: 1188 daAuts
   Orc:2: 1177 daAuts
     D:6: 1124 daAuts
